 Dungeon Crawl Stone Soup version 0.20.2-3-g29329e0561 (webtiles) character file.

178 Alfie the Shield-Bearer (level 5, -5/46 HPs)
             Began as a Hill Orc Fighter on Dec 22, 2022.
             Killed from afar by an orc wizard (11 damage)
             ... with a puff of flame
             ... on level 3 of the Dungeon.
             The game lasted 00:04:44 (1220 turns).

Alfie the Shield-Bearer (Hill Orc Fighter)          Turns: 1220, Time: 00:04:44

Health: -5/46      AC:  7    Str: 20    XL:     5   Next: 58%
Magic:  5/5        EV: 13    Int: 10    God:
Gold:   91         SH: 10    Dex: 15    Spells: 4/4 levels left

rFire    . . .     SeeInvis .   s - +2 short sword (drain)
rCold    . . .     Gourm    .   c - +0 shield
rNeg     . . .     Faith    .   b - +0 scale mail
rPois    .         Spirit   .   (helmet restricted)
rElec    .         Reflect  .   (no cloak)
rCorr    .         Harm     .   (no gloves)
MR       .....                  (no boots)
Stlth    +.........             (no amulet)
Regen    0.2/turn               (no ring)
MPRegen  0.1/turn               (no ring)

@: agile, very slightly contaminated
A: antennae 1, clever 1, no potion heal 1
a: no special abilities


You were on level 3 of the Dungeon.
You were not hungry.

You visited 1 branch of the dungeon, and saw 3 of its levels.

You collected 91 gold pieces.

Inventory:

Hand Weapons
 a - a +0 rapier
 s - a +2 short sword of draining (weapon)
Armour
 b - a +0 scale mail (worn)
 c - a +0 shield (worn)
Scrolls
 h - a scroll of teleportation {unknown}
 i - 2 scrolls of recharging
 j - 3 scrolls of identify
 t - a scroll of immolation {unknown}
Potions
 d - 2 potions of might
 n - a potion of brilliance
 o - a potion of degeneration {unknown}
 p - a potion of curing
Comestibles
 f - a bread ration
 q - 3 fruits
 r - 2 meat rations


   Skills:
 + Level 4.1 Fighting
 + Level 3.6 Short Blades
 + Level 4.2 Armour
 + Level 0.8 Dodging
 + Level 4.4 Shields


You had 4 spell levels left.
You didn't know any spells.

Dungeon Overview and Level Annotations

Branches:
Dungeon (3/15)

Altars:
Qazlal


Innate Abilities, Weirdness & Mutations

You have a pair of small antennae on your head.
Your mind is acute. (Int +2)
Potions are less effective at restoring your health.


Message History

The magic dart hits you!
* * * LOW HITPOINT WARNING * * *
You hit the orc wizard. You drain the orc wizard!
You kill the orc wizard!
Your Fighting skill increases to level 4!
A puff of flame appears from out of thin air!
The puff of flame hits you!
* * * LOW HITPOINT WARNING * * *
You hear some strange, mumbled words.
Things that are here:
a dagger; a robe; a hand axe You hit the orc.
You drain the orc!
The orc is almost dead.
The orc hits you but does no damage.
You hit the orc.
You kill the orc!
You hear some strange, mumbled words.
A puff of flame appears from out of thin air!
The puff of flame hits you!
You die...

###### #....## ###
#..#... ##.## #....##
####.######...####.#..##
#.....{@................
......#####...####.....#
#.##. ##.## ####..# ..
#.# #..# .# #.# #... #
##+## #... ##...## ####
##.....## ###
##.......## ##.#


There were no monsters in sight!

Vanquished Creatures
  3 orc wizards (D:3)
  2 adders (D:2)
  An ooze (D:3)
  4 dart slugs
  2 leopard geckos
  11 orcs (D:3)
  5 bats
  4 giant cockroaches
  4 goblins (D:1)
  2 hobgoblins
  A ball python (D:2)
  3 frilled lizards
  5 kobolds
  4 rats
51 creatures vanquished.

Notes
Turn   | Place    | Note
-------+----------+-------------------------------------------
     0 | D:1      | Alfie the Hill Orc Fighter began the quest for the Orb.
     0 | D:1      | Reached XP level 1. HP: 19/19 MP: 1/1
    78 | D:1      | Reached XP level 2. HP: 19/27 MP: 2/2
   498 | D:1      | Reached XP level 3. HP: 33/33 MP: 3/3
   653 | D:2      | Found a stormy altar of Qazlal.
   654 | D:2      | Noticed a water elemental
   656 | D:2      | Noticed an air elemental
   656 | D:2      | Noticed an earth elemental
   656 | D:2      | Noticed a fire elemental
   882 | D:2      | Reached XP level 4. HP: 40/40 MP: 4/4
  1048 | D:3      | Found a faded altar of an unknown god.
  1154 | D:3      | Gained mutation: Potions are less effective at restoring your health. [potion of mutation]
  1154 | D:3      | Gained mutation: You have a pair of small antennae on your head. [potion of mutation]
  1154 | D:3      | Gained mutation: Your mind is acute. (Int +2) [potion of mutation]
  1155 | D:3      | HP: 1/40 [something (3)]
  1162 | D:3      | Reached XP level 5. HP: 2/46 MP: 5/5
  1220 | D:3      | Killed from afar by an orc wizard

Skill      XL: |  1  2  3  4  5 |
---------------+----------------+-----
Short Blades   | 3 |  3.6
Shields        | 4 |  4.4
Armour         | 4 |  4.2
Fighting       | 4 |  4.1
Dodging        | |  0.8

Action                   |  1- 3 |  4- 6 || total
-------------------------+-------+-------++-------
Melee: Rapier            |    44 |       ||    44
       Short sword       |    38 |    75 ||   113
  Use: Scroll            |     1 |     2 ||     3
       Potion            |       |     7 ||     7
 Stab: Invisible         |       |     2 ||     2
  Eat: Fruit             |       |     1 ||     1
Armor: Scale mail        |    42 |    40 ||    82
Dodge: Dodged            |    19 |    21 ||    40
Block: Shield            |    53 |    39 ||    92
